 Dungeon Crawl Stone Soup version 0.29.1-2-gbd0b4ee654 (webtiles) character file.

Game seed: 11660224518330716059

117 KittyFluff the Cudgeller (level 5, -4/49 HPs)
             Began as a Gargoyle Berserker on Nov 2, 2022.
             Was a Believer of Trog.
             Slain by an iguana (9 damage)
             ... on level 4 of the Dungeon.
             The game lasted 00:12:45 (4095 turns).

KittyFluff the Cudgeller (Gargoyle Berserker)       Turns: 4095, Time: 00:12:45

Health: -4/49      AC:  6    Str: 20    XL:     5   Next: 1%
Magic:  5/5        EV: 12    Int:  8    God:    Trog [**....]
Gold:   248        SH:  0    Dex: 11    Spells: 4/4 levels left

rFire   . . .      SeeInvis .   a - +0 mace
rCold   . . .      Faith    .   (no shield)
rNeg    + . .      Spirit   .   b - +0 animal skin
rPois   ∞          Reflect  .   (no helmet)
rElec   +          Harm     .   (no cloak)
rCorr   .          Rampage  .   (no gloves)
Will    .....                   (no boots)
Stlth   ..........              (no amulet)
HPRegen 0.16/turn               (no ring)
MPRegen 0.09/turn               (no ring)

@: berserking, very quick
A: sickness immunity, AC +4, negative energy resistance 1, electricity
resistance, torment resistance 1, petrification resistance
a: Renounce Religion, Berserk, Trog's Hand


You were on level 4 of the Dungeon.
You worshipped Trog.
Trog was pleased with you.
You visited 1 branch of the dungeon, and saw 4 of its levels.

You collected 248 gold pieces.

Inventory:

Hand Weapons
 a - a +0 mace (weapon)
Missiles
 i - 4 javelins
 m - 3 poisoned darts (quivered)
Armour
 b - a +0 animal skin (worn)
 n - a +0 kite shield
 s - a +0 leather armour of poison resistance
Magical Staves
 k - a staff of air
Wands
 j - a wand of flame (7)
Scrolls
 d - 10 scrolls of teleportation
 e - a scroll of amnesia {unknown}
 p - a scroll of identify {unknown}
 q - 2 scrolls of immolation {unknown}
 v - a scroll of enchant weapon {unknown}
 w - a scroll of enchant armour {unknown}
Potions
 c - a potion of attraction {unknown}
 f - a potion of degeneration {unknown}
 g - a potion of haste {unknown}
 h - 2 potions of ambrosia {unknown}
 l - 3 potions of brilliance {unknown}
 o - a potion of curing {unknown}
 r - a potion of heal wounds {unknown}
 t - 2 potions of lignification {unknown}
 u - a potion of mutation {unknown}


   Skills:
 + Level 3.7 Fighting
 + Level 4.2 Maces & Flails
 * Level 3.1 Armour
 + Level 2.0 Dodging
 * Level 1.3 Shields


You had 4 spell levels left.
You didn't know any spells.
Your spell library was empty.

Dungeon Overview and Level Annotations

Branches:
Dungeon (4/15)
 Temple: D:4-7

Altars:
Gozag

Shops:
D:2 (


Innate Abilities, Weirdness & Mutations

You are immune to sickness and miasma.
Your stone body is resilient. (AC +4)
You are immune to poison.
You resist negative energy. (rN+)
You are resistant to electric shocks. (rElec)
You are resistant to unholy torment.
You are immune to petrification.


Message History

t - 2 bubbling yellow potions (gained 1)
You hear the slow hiss of an avalanche of sand nearby.
q - 2 scrolls labelled CEACEV HYAS (gained 1)
You open the door.
There is an open door here.
There is an open door here.
There is an open door here.
There is an open door here.
You hear the hiss of an avalanche of sand very nearby.
An iguana comes into view.
The iguana hisses angrily.
A giant cockroach comes into view.
The iguana barely misses you.
You hit the iguana but do no damage. The iguana bites you!
You barely miss the iguana. The iguana bites you!
You hit the iguana.
The iguana is moderately wounded.
The iguana bites you.
You closely miss the iguana.
The iguana is moderately wounded.
The iguana closely misses you.
You closely miss the iguana.
The iguana is moderately wounded.
The iguana bites you.
* * * LOW HITPOINT WARNING * * *
The iguana bites you.
* * * LOW HITPOINT WARNING * * *
You hit the iguana.
The iguana is heavily wounded.
The iguana closely misses you.
You hit the iguana but do no damage.
The iguana is heavily wounded.
The iguana barely misses you.
A red film seems to cover your vision as you go berserk!
You feel yourself moving faster!
You feel mighty!
The iguana bites you but does no damage.
You hit the iguana.
The iguana is almost dead.
The iguana bites you!
You die...

#.......## #######
#####......# #......
#...'......####......
#.###......'..'......
#.##.###...####......
#....# #...# #......
####.# #...# ##...##
#.# #...# #..... #@#
#...# #..... #l#
#.### #..... #B# #.
#..... ... ..... #.#
..... #.# ..... #.#
########..... ...
.............
.......<.....


You could see an iguana and a giant cockroach.

Vanquished Creatures
  3 gnolls (D:3)
  An adder (D:3)
  2 worms (D:2)
  A dart slug (D:1)
  4 orcs (D:3)
  4 bats
  5 endoplasms
  5 giant cockroaches
  6 goblins
  8 hobgoblins
  9 kobolds
  2 quokkas
  4 ball pythons
  4 frilled lizards
  6 rats
  3 bushes (D:3)
67 creatures vanquished.

Vanquished Creatures (others)
  2 plants (D:3)
2 creatures vanquished.

Grand Total: 69 creatures vanquished

Notes
Turn   | Place    | Note
-------+----------+-------------------------------------------
     0 | D:1      | KittyFluff the Gargoyle Berserker began the quest for the
                  | Orb.
     0 | D:1      | Reached XP level 1. HP: 14/14 MP: 1/1
   410 | D:1      | Reached XP level 2. HP: 19/19 MP: 2/2
   544 | D:1      | Found a faded altar of an unknown god.
  1009 | D:2      | Reached XP level 3. HP: 9/23 MP: 3/3
  1297 | D:2      | Reached ** piety under Trog
  1731 | D:2      | Found Ipumor's Weapon Emporium.
  1844 | D:2      | Identified the +5 dagger "Beetlebane" {holy, *Noise rN+++
                  | Will+ Int+4}
  2243 | D:3      | Reached XP level 4. HP: 27/29 MP: 4/4
  2750 | D:3      | HP: 1/29 [gnoll/+0 whip (3)]
  2758 | D:3      | Reached skill level 4 in Maces & Flails
  2761 | D:3      | Reached skill level 1 in Shields
  3271 | D:3      | Found an opulent altar of Gozag.
  3952 | D:4      | Reached XP level 5. HP: 33/33 MP: 5/5
  4095 | D:4      | Slain by an iguana

Illustrated notes

Levels and vault maps discovered:
D:1:      ncdulo_lavacross, layout_loops_ring,
          shapermc_ecumenical_altar_mp_highgroup
D:2:      layout_rooms, serial_shops, nicolae_shop_bloodbath_and_beyond,
          minmay_small_reverse_x
D:3:      layout_loops_ring, nicolae_gozag_cash_rules_everything_around_me,
          lexackson_kobold_supper
D:4:      layout_basic, enter_ossuary_5, st_stairs_7

Skill      XL: |  1  2  3  4 |
---------------+-------------+-----
Armour         | 3 |  3.1
Dodging        | 2 |  2.0
Maces & Flails | 4 |  4.2
Shields        | 1 |  1.3
Fighting       | |  3.7

Action                   |  1- 3 |  4- 6 || total
-------------------------+-------+-------++-------
Melee: Mace              |   123 |   304 ||   427
       Punch             |       |     5 ||     5
Invok: Berserk           |       |     3 ||     3
  Use: Scroll            |     2 |       ||     2
 Stab: Sleeping          |     1 |       ||     1
Armor: Animal skin       |    45 |    18 ||    63
Dodge: Dodged            |    85 |    53 ||   138
